 Dungeon Crawl Stone Soup version 0.30-a0-715-gdb4ae3ece1 (webtiles) character file.

Game seed: 13967349098697690440

2597 Bnni the Slicer (level 9, -2/49 HPs)
             Began as a Vine Stalker Fighter on Jan 24, 2023.
             Was a Follower of Uskayaw.
             Slain by a cyan ugly thing (14 damage)
             ... on level 7 of the Dungeon.
             The game lasted 00:09:23 (6528 turns).

Bnni the Slicer (Vine Stalker Fighter)              Turns: 6528, Time: 00:09:24

Health: -2/49      AC: 10    Str: 19    XL:     9   Next: 59%
Magic:  0/13       EV:  9    Int:  8    God:    Uskayaw [*.....]
Gold:   297        SH:  6    Dex: 24    Spells: 8/8 levels left

rFire   + . .      SeeInvis .    n - +1 dagger (vamp)
rCold   . . .      Faith    .    c - +0 buckler
rNeg    + . .      Spirit   +    d - +3 scale mail {rPois}
rPois   +          Reflect  .    (no helmet)
rElec   .          Harm     .    (no cloak)
rCorr   +          Rampage  .    C - +0 pair of gloves
Will    +....                    (no boots)
Stlth   +                        (no amulet)
HPRegen 1.08/turn                b - ring of Duuzaps {rN+ rCorr Dex+6}
MPRegen 0.13/turn                H - ring of protection from fire

@: no status effects
A: fangs 3, regeneration 1, magic shield, antimagic bite, no potion heal 2
a: Renounce Religion, Stomp


You were on level 7 of the Dungeon.
You worshipped Uskayaw.
Uskayaw was noncommittal.
You visited 1 branch of the dungeon, and saw 7 of its levels.

You collected 297 gold pieces.

Inventory:

Hand Weapons
 a - a +0 rapier
 n - a +1 vampiric dagger (weapon)
 z - a +2 short sword of venom
Missiles
 t - a throwing net (quivered)
 A - 11 poisoned darts
Armour
 c - a +0 buckler (worn)
 d - a +3 scale mail of poison resistance (worn)
 m - a +0 kite shield
 C - a +0 pair of gloves (worn)
Jewellery
 b - the ring of Duuzaps (left hand) {rN+ rCorr Dex+6}
   (You found it on level 2 of the Dungeon)

   [ring of dexterity]

   Dex:       It affects your dexterity (+6).
   rN:        It protects you from negative energy.
   rCorr:     It protects you from acid and corrosion.
 H - a ring of protection from fire (right hand)
Wands
 y - a wand of light (7)
Scrolls
 e - 2 scrolls of poison {unknown}
 f - 4 scrolls of fog
 g - 3 scrolls of blinking {unknown}
 i - a scroll of teleportation
 k - 3 scrolls of immolation {unknown}
 o - a scroll of enchant armour
 p - 2 scrolls of noise {unknown}
 r - 2 scrolls of amnesia
 s - 2 scrolls of vulnerability
 D - a scroll of magic mapping {unknown}
 F - a scroll of butterflies {unknown}
Potions
 h - a potion of experience {unknown}
 j - a potion of invisibility {unknown}
 l - a potion of cancellation
 q - 4 potions of curing {unknown}
 u - 2 potions of resistance {unknown}
 v - a potion of flight {unknown}
 w - 2 potions of attraction {unknown}
 x - a potion of degeneration {unknown}
 B - 3 potions of might
 E - a potion of mutation {unknown}
 G - a potion of ambrosia {unknown}


   Skills:
 + Level 6.5 Fighting
 * Level 8.7 Short Blades
 - Level 2.4 Armour
 + Level 4.0 Shields
 + Level 4.6 Invocations


You had 8 spell levels left.
You didn't know any spells.
Your spell library contained the following spells:

 Spells                   Type           Power      Damage    Failure   Level
 Summon Small Mammal      Summ           0%         N/A       86%         1
 Call Canine Familiar     Summ           0%         N/A       99%         3
 Summon Guardian Golem    Hex/Summ       0%         N/A       99%         3


Dungeon Overview and Level Annotations

Branches:
Dungeon (7/15)
 Temple: D:4-7

Altars:
Makhleb
Uskayaw
The Shining One
Lugonu

Shops:
D:6 :

Portals:
Abyss: D:5


Innate Abilities, Weirdness & Mutations

You have razor-sharp teeth.
Your natural rate of healing is unusually fast.
When hurt, damage is shared between your health and your magic reserves.
Your bite disrupts and absorbs the magic of your enemies.
Potions cannot restore your health.


Message History

You are too injured to fight recklessly!
You hit the orc.
You feel better.
You bite the orc.
You kill the orc!
You hit the cyan ugly thing.
You feel better.
The cyan ugly thing is lightly wounded.
The cyan ugly thing misses you.
You can now pass through a line of other dancers.
You hit the cyan ugly thing but do no damage.
The cyan ugly thing is lightly wounded.
Something hits you but does no damage.
You barely miss the cyan ugly thing. Your bite misses the cyan ugly thing.
The cyan ugly thing is lightly wounded.
The cyan ugly thing barely misses you.
You closely miss the cyan ugly thing.
The cyan ugly thing is lightly wounded.
Something hits you but does no damage.
The cyan ugly thing stings you but does no damage.
You hit the cyan ugly thing. Your bite misses the cyan ugly thing.
The cyan ugly thing is moderately wounded.
Something hits you.
You closely miss the cyan ugly thing. Your bite misses the cyan ugly thing.
The cyan ugly thing is moderately wounded.
The cyan ugly thing stings you but does no damage.
You closely miss the cyan ugly thing. You bite the cyan ugly thing!
You drain its power.
You feel invigorated.
The cyan ugly thing is moderately wounded.
Something hits you but does no damage. The cyan ugly thing stings you!
The cyan ugly thing shocks you!
Aiming: Line Pass
Press: ? - help, Dir - move target The cyan ugly thing appears confused.
You can no longer pass through a line of other dancers.
You hear some strange, mumbled words.
A puff of flame appears from out of thin air!
The puff of flame hits you. You resist.
* * * LOW HITPOINT WARNING * * *
The cyan ugly thing stings you.
* * * LOW HITPOINT WARNING * * *
The cyan ugly thing shocks you!
You die...

##### #...####
..#
##......##....
#........#....
#.............
#............#
#...@........#
#....u{.....#
#......?....#
##.........##
##...<....#
##...<...#
##......#
##....##
##...#


You could see a cyan ugly thing (confused).

Vanquished Creatures
  The ghost of chipmonk the Trooper, an amateur MiBe of Trog (D:3)
  A steam dragon (D:6)
  A water moccasin (D:6)
  3 ice beasts
  A sky beast (D:6)
  2 ogres
  4 phantoms
  A kobold brigand (D:5)
  2 necrophages
  4 scorpions
  A bullfrog (D:6)
  A gnoll sergeant (D:6)
  4 hounds
  3 orc priests
  2 jellies
  A gnoll bouda (D:2)
  An iguana (D:6)
  Terence (D:2)
  Natasha (thrice) (D:2)
  6 orc wizards
  5 adders
  13 gnolls
  A white imp (D:6)
  A worm (D:2)
  3 dart slugs
  16 orcs
  4 ball pythons
  3 endoplasms
  A giant cockroach (D:3)
  10 goblins
  5 hobgoblins
  2 jackals (D:1)
  3 quokkas
  5 bats
  3 frilled lizards
  7 kobolds
  8 rats
133 creatures vanquished.

Notes
Turn   | Place    | Note
-------+----------+-------------------------------------------
     0 | D:1      | Bnni the Vine Stalker Fighter began the quest for the Orb.
     0 | D:1      | Reached XP level 1. HP: 11/11 MP: 2/2
   190 | D:1      | Reached skill level 2 in Short Blades
   190 | D:1      | Reached XP level 2. HP: 15/16 MP: 3/3
   879 | D:2      | Identified the +1 leather armour of Nudif {Dex+3}
   972 | D:2      | Reached XP level 3. HP: 19/19 MP: 4/4
  1110 | D:2      | Noticed Terence
  1135 | D:2      | HP: 1/20 [Terence/+0 mace (3)]
  1136 | D:2      | Killed Terence
  1137 | D:2      | Gained mutation: Your natural rate of healing is unusually
                  | fast. [Vine Stalker growth]
  1137 | D:2      | Reached XP level 4. HP: 2/24 MP: 2/5
  1190 | D:2      | Identified the ring of Duuzaps {rN+ rCorr Dex+6}
  1213 | D:2      | Noticed a great orb of eyes
  1218 | D:2      | Noticed a golden eye
  1226 | D:2      | Found a faded altar of an unknown god.
  1228 | D:2      | Noticed a shining eye
  1228 | D:2      | Noticed a golden eye
  1322 | D:2      | Reached skill level 3 in Short Blades
  1384 | D:2      | Reached XP level 5. HP: 17/28 MP: 3/6
  1599 | D:2      | Noticed Natasha
  1605 | D:2      | Killed Natasha
  1730 | D:2      | Noticed Natasha
  1737 | D:2      | Killed Natasha
  2225 | D:2      | Noticed Natasha
  2246 | D:2      | Killed Natasha
  2304 | D:3      | Noticed an ice beast
  2332 | D:3      | Killed an ice beast
  2333 | D:3      | Reached skill level 4 in Short Blades
  2333 | D:3      | Reached XP level 6. HP: 26/33 MP: 7/7
  2396 | D:3      | Found a large runed translucent door.
  2396 | D:3      | Found a large runed translucent door.
  2400 | D:3      | Noticed chipmonk's ghost (amateur MiBe)
  3249 | D:4      | Reached XP level 7. HP: 35/37 MP: 6/8
  3253 | D:4      | Reached skill level 5 in Short Blades
  3617 | D:4      | Found a hide-covered altar of Uskayaw.
  3639 | D:4      | Became a worshipper of Uskayaw the Reveller
  4148 | D:3      | Reached * piety under Uskayaw
  4159 | D:3      | Reached ** piety under Uskayaw
  4163 | D:3      | Reached *** piety under Uskayaw
  4164 | D:3      | Killed chipmonk's ghost
  4165 | D:3      | Reached skill level 5 in Fighting
  4165 | D:3      | Reached skill level 6 in Short Blades
  4165 | D:3      | Reached skill level 1 in Invocations
  4165 | D:3      | Gained mutation: You have razor-sharp teeth. [Vine Stalker
                  | growth]
  4165 | D:3      | Reached XP level 8. HP: 43/43 MP: 9/9
  4216 | D:5      | Entered Level 5 of the Dungeon
  4716 | D:5      | Found a one-way gate to the infinite horrors of the Abyss.
  4951 | D:5      | Reached skill level 7 in Short Blades
  5341 | D:5      | Found a large runed translucent door.
  5341 | D:5      | Found a large runed translucent door.
  5344 | D:5      | Found a corrupted altar of Lugonu.
  5751 | D:6      | Found Vuelod's Vocational Training.
  5802 | D:6      | Reached XP level 9. HP: 40/48 MP: 7/12
  5810 | D:6      | Reached **** piety under Uskayaw
  5816 | D:6      | Reached ***** piety under Uskayaw
  5822 | D:6      | Found a glowing golden altar of the Shining One.
  5897 | D:6      | Reached skill level 8 in Short Blades
  6404 | D:6      | Identified the +1 leather armour of the Sea {Str+5}
  6435 | D:6      | Found a burning altar of Makhleb.
  6511 | D:7      | Noticed a cyan ugly thing
  6528 | D:7      | Slain by a cyan ugly thing

Illustrated notes

Levels and vault maps discovered:
D:1:      nicolae_arrival_washed_ashore, layout_basic, serial_bayou_lake_a
D:2:      wander_river, layout_basic, hellmonk_ecumenical_altar_watching_god,
          uniq_terence, uniq_natasha
D:3:      layout_basic, ebering_ghost_disaster_area
D:4:      layout_loops_corners, nicolae_uskayaw_suspiria,
          hangedman_abyss_or_decor_stagger, bh_walls_and_bars
D:5:      due_chaos_kobolds, layout_layer_cave
D:6:      layout_loops_ring, mainiacjoe_overflow_concentric_impassable,
          old_standard_altar, nicolae_shop_vocational
D:7:      layout_cave_pods, yredelemnul_altar_generic,
          minmay_temple_entry_gardened_gates, uniq_duvessa

Skill      XL: |  1  2  3  4  5  6  7  8  9 |
---------------+----------------------------+-----
Short Blades   | 2 3 4 6 7 8 |  8.7
Shields        | 3 4 |  4.0
Fighting       | 3 4 5 6 |  6.5
Invocations    | 1 3 4 |  4.6
Armour         | |  2.4

Action                     |  1- 3 |  4- 6 |  7- 9 || total
---------------------------+-------+-------+-------++-------
  Melee: Rapier            |    30 |       |       ||    30
         Bite              |    24 |    66 |   148 ||   238
         Dagger            |    45 |   190 |   408 ||   643
 Invoke: Line Pass         |       |       |     1 ||     1
  Evoke: Wand              |       |       |     2 ||     2
    Use: Potion            |     1 |       |     1 ||     2
         Scroll            |       |     1 |     6 ||     7
   Stab: Paralysed         |       |       |     7 ||     7
         Invisible         |       |       |     2 ||     2
 Armour: Scale mail        |    18 |    76 |   119 ||   213
  Dodge: Dodged            |    31 |    87 |    91 ||   209
  Block: Buckler           |    19 |    56 |    75 ||   150

Table legend: (Time is in decaauts)
 A = Elapsed time spent in this place.
 B = Non-inter-level travel time spent in this place.
 C = Inter-level travel time spent in this place.
 D = Time resting spent in this place.
 E = Time spent auto-exploring this place.
 F = Levels seen in this place.
 G = Mean time per level.
                   A        B        C        D        E       F      G
               +--------+--------+--------+--------+--------+-----+--------+
         Total |   6451 |   5777 |    674 |     24 |   4665 |   7 |  921.6 |
       Dungeon |   6451 |   5777 |    674 |     24 |   4665 |   7 |  921.6 |
               +--------+--------+--------+--------+--------+-----+--------+

Top non-repeatable levels by time:
     D:5: 1464 daAuts
     D:2: 1427 daAuts
     D:3: 1016 daAuts
     D:1: 918 daAuts
     D:4: 860 daAuts
     D:6: 753 daAuts
     D:7: 11 daAuts
